 Dungeon Crawl Stone Soup version 0.32-a0-350-g4f4d228785 (webtiles) character file.

Game seed: 16560807282547276602

797 Asceticacid the Chopper (level 7, -13/60 HPs)
             Began as a Mountain Dwarf Fighter on Feb 17, 2024.
             Was a Believer of the Shining One.
             Mangled by an orc
             ... wielding a +0 falchion of electrocution
              (14 damage)
             ... on level 5 of the Dungeon.
             The game lasted 00:05:27 (4503 turns).

Asceticacid the Chopper (Mountain Dwarf Fighter)    Turns: 4503, Time: 00:05:28

Health: -13/60     AC: 13    Str: 19    XL:     7   Next: 58%
Magic:  7/7        EV:  5    Int:  8    God:    the Shining One [**....]
Gold:   221        SH:  4    Dex: 11    Spells: 6/6 levels left

rFire   . . .        a - +0 war axe (flame)
rCold   + . .        c - +0 buckler
rNeg    + . .        l - +0 plate armour
rPois   .            (no helmet)
rElec   .            (no cloak)
rCorr   .            n - +0 pair of gloves
SInv    .            (no boots)
Will    .....        b - amulet of magic regeneration Stlth
                     f - ring of protection from cold
HPRegen 0.30/turn    (no ring)
MPRegen 0.50/turn

%: no passive effects
@: glowing
A: runic magic, artefact enchanting
a: Renounce Religion, Divine Shield


You were on level 5 of the Dungeon.
You worshipped the Shining One.
The Shining One was pleased with you.
You visited 1 branch of the dungeon, and saw 5 of its levels.

You collected 275 gold pieces.
You spent 54 gold pieces at shops.

Inventory:

Hand Weapons
 a - a +0 war axe of flaming (weapon)
Armour
 c - a +0 buckler (worn)
 l - a +0 plate armour (worn)
 n - a +0 pair of gloves (worn)
Jewellery
 b - an amulet of magic regeneration (around neck)
 f - a ring of protection from cold (left hand)
 k - a ring of fire
 q - a +6 ring of strength
Wands
 p - a wand of light (9)
 u - a wand of flame (24)
Scrolls
 i - 2 scrolls of identify
 r - a scroll of vulnerability
 t - a scroll of poison {unknown}
Potions
 d - a potion of might
 e - 2 potions of curing
 g - a potion of haste {unknown}
 h - a potion of mutation {unknown}
 j - a potion of resistance {unknown}
 m - 2 potions of brilliance {unknown}
 o - a potion of magic {unknown}
 s - a potion of attraction {unknown}


   Skills:
 + Level 4.6 Fighting
 + Level 7.3 Axes
 + Level 5.9 Armour
 + Level 0.7 Dodging
 + Level 4.3 Shields


You had 6 spell levels left.
You didn't know any spells.
Your spell library contained the following spells:

 Spells                   Type           Power      Damage    Failure   Level
 Slow                     Hex            0%         N/A       77%         1
 Mercury Vapours          Alch/Air       0%         N/A       88%         2
 Static Discharge         Conj/Air       0%         3-3/arc   88%         2
 Confusing Touch          Hex            0%         N/A       98%         3
 Mephitic Cloud           Conj/Alch/Air  0%         N/A       98%         3
 Sigil of Binding         Hex            0%         N/A       98%         3
 Vampiric Draining        Necr           0%         2d6       98%         3
 Airstrike                Air            0%         2d(0-16)  100%        4
 Summon Lightning Spire   Summ/Air       0%         N/A       100%        4
 Freezing Cloud           Conj/Ice/Air   0%         6-21      100%        5


Dungeon Overview and Level Annotations

Branches:
Dungeon (5/15)
 Temple: D:4-7

Altars:
The Shining One

Shops:
D:3 [(*

Annotations:
D:2 1 runed translucent door, Crazy Yiuf
D:4 Blork the orc
D:5 Pikel


Innate Abilities, Weirdness & Mutations

Your spellcasting is much less encumbered by armour.
You can use scrolls of enchantment on lesser artefacts.


Message History

Aiming: Throw Flame
Press: ? - help, Shift-Dir - straight line, f - orc
Aim: an orc, wielding a +0 hand axe and wearing a +0 scale mail (72% to hit)
The puff of flame hits the orc.
The orc is lightly wounded.
Aiming: Throw Flame
Press: ? - help, Shift-Dir - straight line, f/p - orc
Aim: an orc, wielding a +0 hand axe and wearing a +0 scale mail (lightly wounded, 72% to hit)
The puff of flame misses the orc.
You hear a shout!
An orc comes into view.
It is wielding a +0 club and wearing a +2 leather armour of cold resistance.
You slash the orc! You burn the orc.
You kill the orc!
The orc hits you but does no damage.
You are electrocuted!
Things that are here:
a +0 hand axe; a +0 scale mail; an orc corpse You hit the orc but do no damage.
The orc hits you with a +0 falchion of electrocution.
You hit the orc. You burn the orc.
The orc is severely wounded.
You slash the orc! You burn the orc.
You kill the orc!
The orc hits you with a +0 falchion of electrocution.
You are electrocuted!
You are too injured to fight recklessly!
You are too injured to fight recklessly!
A centaur comes into view.
The centaur wields a +0 orcbow.
The centaur shoots an arrow.
The arrow hits you.
Found a dented ruby amulet.
The centaur shoots an arrow.
You block the arrow.
The centaur shoots an arrow.
The arrow hits you.
* * * LOW HITPOINT WARNING * * *
The orc barely misses you.
The centaur shoots an arrow.
The arrow hits you!
* * * LOW HITPOINT WARNING * * *
The orc attacks as it pursues you!
The orc hits you with a +0 falchion of electrocution.
* * * LOW HITPOINT WARNING * * *
You are electrocuted!
You die...

###.......... .
.#####............
..................
...c..............
#........)).........
###...#..<........)...
#.#.....o.............##
........o.........$..##
..##..@..............#
##................##
#.###.............. #.
..............S #.
...$........... ..
....!....#$... ".
....#..##[... ... .
##....... #.......


You could see a centaur and 2 orcs.

Vanquished Creatures
  Eustachio (D:5)
  A centaur (D:5)
  A lemure (D:5)
  2 scorpions
  A bombardier beetle (D:5)
  A jelly (D:5)
  A gnoll bouda (D:3)
  Ijyb (D:5)
  Natasha (D:2)
  An iguana (D:3)
  Robin (D:3)
  9 gnolls
  5 adders
  A ribbon worm (D:3)
  2 dart slugs
  3 orcs
  4 ball pythons
  4 endoplasms
  3 giant cockroaches
  16 goblins
  7 hobgoblins
  5 jackals
  A quokka (D:1)
  5 bats
  6 frilled lizards
  9 kobolds
92 creatures vanquished.

Notes
Turn   | Place    | Note
-------+----------+-------------------------------------------
     0 | D:1      | Asceticacid the Mountain Dwarf Fighter began the quest for
                  | the Orb.
     0 | D:1      | Reached XP level 1. HP: 19/19 MP: 1/1
    91 | D:1      | Reached XP level 2. HP: 24/26 MP: 2/2
   267 | D:1      | Found a faded altar of an unknown god.
   332 | D:1      | Prayed at the altar of an unknown god.
   332 | D:1      | Became a worshipper of the Shining One
   332 | D:1      | Reached * piety under the Shining One
   360 | D:1      | Reached skill level 3 in Axes
   361 | D:1      | Reached XP level 3. HP: 28/33 MP: 3/3
  1459 | D:2      | Found a runed translucent door.
  1460 | D:2      | Noticed Crazy Yiuf
  1619 | D:2      | Noticed Natasha
  1624 | D:2      | Killed Natasha
  1625 | D:2      | Reached XP level 4. HP: 40/40 MP: 4/4
  1927 | D:3      | Reached skill level 4 in Axes
  1987 | D:3      | Found Usust's General Store.
  2008 | D:3      | Bought a +0 pair of gloves for 54 gold pieces
  2136 | D:3      | Found Mokuac's Antique Weapon Shoppe.
  2158 | D:3      | Found Homiux's Antique Armour Boutique.
  2229 | D:3      | Reached XP level 5. HP: 43/46 MP: 5/5
  2290 | D:3      | Reached skill level 5 in Axes
  2462 | D:3      | Reached ** piety under the Shining One
  2630 | D:3      | Reached XP level 6. HP: 52/52 MP: 6/6
  2676 | D:3      | Noticed Robin
  2682 | D:3      | Killed Robin
  3055 | D:4      | Reached skill level 6 in Axes
  3135 | D:4      | Noticed Blork the orc
  3795 | D:5      | Entered Level 5 of the Dungeon
  3800 | D:5      | Reached skill level 5 in Armour
  3888 | D:5      | Reached XP level 7. HP: 54/59 MP: 7/7
  4000 | D:5      | Noticed Ijyb
  4021 | D:5      | Killed Ijyb
  4103 | D:5      | Noticed Eustachio
  4142 | D:5      | Killed Eustachio
  4143 | D:5      | Reached skill level 7 in Axes
  4206 | D:5      | Noticed Pikel
  4503 | D:5      | HP: 1/60 [orc/+0 falchion of electrocution (5)]
  4503 | D:5      | Mangled by an orc

Illustrated notes

Levels and vault maps discovered:
D:1:      lemuel_arrival_rhombus, layout_basic, ebering_ecumenical_altar_mist,
          minmay_3d_cube
D:2:      minmay_spotlight, layout_loops_ring, uniq_crazy_yiuf_cottage,
          uniq_natasha
D:3:      minmay_razor_zed, layout_basic, serial_shops, shop, shop,
          nicolae_diamond_shop, uniq_robin
D:4:      layout_loops_ring, uniq_blork_the_orc
D:5:      layout_cave_pools, uniq_eustachio, uniq_ijyb, uniq_pikel

Skill      XL: |  1  2  3  4  5  6  7 |
---------------+----------------------+-----
Axes           | 3 4 5 6 7 |  7.3
Armour         | 4 5 |  5.9
Fighting       | 4 |  4.6
Shields        | 4 |  4.3
Dodging        | |  0.7

Action                     |  1- 3 |  4- 6 |  7- 9 || total
---------------------------+-------+-------+-------++-------
  Melee: War axe           |    69 |   133 |    38 ||   240
  Evoke: Wand              |       |       |     2 ||     2
    Use: Scroll            |       |     6 |       ||     6
 Armour: Scale mail        |    38 |       |       ||    38
         Plate armour      |    26 |   140 |    42 ||   208
  Dodge: Dodged            |    27 |    36 |     4 ||    67
  Block: Buckler           |    14 |    37 |    12 ||    63

Table legend: (Time is in decaauts)
 A = Elapsed time spent in this place.
 B = Non-inter-level travel time spent in this place.
 C = Inter-level travel time spent in this place.
 D = Time resting spent in this place.
 E = Time spent auto-exploring this place.
 F = Levels seen in this place.
 G = Mean time per level.
                   A        B        C        D        E       F      G
               +--------+--------+--------+--------+--------+-----+--------+
         Total |   4577 |   4384 |    193 |    612 |   2946 |   5 |  915.4 |
       Dungeon |   4577 |   4384 |    193 |    612 |   2946 |   5 |  915.4 |
               +--------+--------+--------+--------+--------+-----+--------+

Top non-repeatable levels by time:
     D:3: 1653 daAuts
     D:1: 937 daAuts
     D:2: 922 daAuts
     D:4: 623 daAuts
     D:5: 440 daAuts
